 Dungeon Crawl Stone Soup version 0.23-a0-310-gdcc7a32 (webtiles) character file.

753 Amnesiac the Digger (level 7, -1/50 HPs)
             Began as a Ghoul Earth Elementalist on Oct 13, 2018.
             Was a Follower of Ashenzari.
             Slain by a bullfrog (6 damage)
             ... on level 5 of the Dungeon.
             The game lasted 00:10:13 (5480 turns).

Amnesiac the Digger (Ghoul Earth Elementalist)      Turns: 5480, Time: 00:10:14

Health: -1/50      AC:  3    Str: 12    XL:     7   Next: 79%
Magic:  2/12       EV: 12    Int: 11    God:    Ashenzari [*.....]
Gold:   274        SH:  0    Dex: 10    Spells: 1/14 levels left

rFire    . . .     SeeInvis .   n - +0 dagger
rCold    + . .     Gourm    .   (no shield)
rNeg     + + +     Faith    .   c - +1 robe
rPois    ∞         Spirit   .   (no helmet)
rElec    .         Reflect  .   (no cloak)
rCorr    .         Harm     .   (no gloves)
MR       .....                  (no boots)
Stlth    ++........             (no amulet)
HPRegen  0.00/turn              (no ring)
MPRegen  0.13/turn              (no ring)

@: rotting, invisible
A: rotting body, claws 1, carnivore, cold resistance 1, negative energy
resistance 3, inhibited regeneration, torment resistance, unbreathing
a: Curse Item, Scrying, Renounce Religion


You were on level 5 of the Dungeon.
You worshipped Ashenzari.
Ashenzari was aware of your devotion.
You were not hungry.

You visited 2 branches of the dungeon, and saw 7 of its levels.

You collected 274 gold pieces.

Inventory:

Hand Weapons
 n - a +0 dagger (weapon)
Missiles
 b - 50 stones (quivered)
Armour
 c - a +1 robe (worn)
Scrolls
 a - 3 scrolls of teleportation {!r, unknown}
 f - 2 scrolls of amnesia {!r, unknown}
 h - a scroll of fear {!r, unknown}
 k - a scroll of noise {!r, unknown}
 m - 3 scrolls of enchant armour {!r}
 o - a scroll of enchant weapon {!r, unknown}
 s - a scroll of blinking {!r, unknown}
 u - 2 scrolls of magic mapping {!r, unknown}
Potions
 e - a potion of heal wounds {!q}
 g - a potion of lignification {!q, unknown}
 i - 2 potions of curing {!q, unknown}
 j - a potion of cancellation {!q}
 q - a potion of flight {!q}
 t - a potion of resistance {!q}
Comestibles
 d - 7 rations


   Skills:
 * Level 2.4 Short Blades
 - Level 1.7 Dodging
 + Level 3.3 Stealth
 - Level 4.0 Spellcasting
 + Level 2.0 Transmutations
 - Level 7.0 Earth Magic


You had one spell level left.
You knew the following spells:

 Your Spells              Type           Power        Failure   Level  Hunger
a - Sandblast             Erth           ###...       1%          1    #......
b - Passwall              Tmut/Erth      ##......     5%          2    ##.....
d - Lee's Rapid Deconstr  Erth           ###.......   36%         5    ######.
e - Petrify               Tmut/Erth      ##......     36%         4    #####..
z - Confusing Touch       Hex            #.....       24%         1    #......

Your spell library contained the following spells:

 Spells                   Type           Power        Failure   Level  Hunger
 Stone Arrow              Conj/Erth      #.....       17%         3    ###....
 Confuse                  Hex            #.......     56%         3    ###....
 Gell's Gravitas          Tloc           #.........   56%         3    ###....
 Yara's Violent Unravell  Hex/Tmut       #.........   99%         5    ######.
 Metabolic Englaciation   Hex/Ice        #.........   100%        5    ######.


Dungeon Overview and Level Annotations

Branches:
Dungeon (6/15)             Temple (1/1) D:4

Altars:
Ashenzari
Dithmenos
Elyvilon
Fedhas
Gozag
Hepliaklqana
Nemelex Xobeh
Okawaru
Qazlal
Ru
Sif Muna
Trog
Uskayaw
Wu Jian
Xom
Yredelemnul
Zin
The Shining One

Annotations:
D:6 1 runed door


Innate Abilities, Weirdness & Mutations

Your body is rotting away.
You thrive on raw meat.
You are immune to poison.
You have sharp fingernails.
You are carnivorous and can eat meat at any time.
Your flesh is cold resistant. (rC+)
You are immune to negative energy. (rN+++)
You do not regenerate when monsters are visible.
You are immune to unholy pain and torment.
You can survive without breathing.


Message History

The wight completely misses you.
Unknown command.
Casting: Sandblast (safe; 1% risk of failure)
Confirm with . or Enter, or press ? or * to list all spells.
Aiming: Sandblast (safe; 1% risk of failure)
Press: ? - help, Shift-Dir - straight line, f/p - wight
Aim: a wight, wielding a halberd of protection and wearing a robe (heavily The blast of sand hits the wight.
The wight is heavily damaged.
b - 51 stones The wight misses you.
Unknown command.
Casting: Sandblast (safe; 1% risk of failure)
Confirm with . or Enter, or press ? or * to list all spells.
Aiming: Sandblast (safe; 1% risk of failure)
Press: ? - help, Shift-Dir - straight line, f/p - wight
Aim: a wight, wielding a halberd of protection and wearing a robe (heavily The blast of sand hits the wight.
The wight is heavily damaged.
b - 50 stones The wight hits you from afar with a halberd of protection!
* * * LOW HITPOINT WARNING * * *
Unknown command.
Casting: Sandblast (safe; 1% risk of failure)
Confirm with . or Enter, or press ? or * to list all spells.
You don't have enough magic to cast that spell.
Casting: Sandblast (safe; 1% risk of failure)
Confirm with . or Enter, or press ? or * to list all spells.
You don't have enough magic to cast that spell.
Unknown command.
A bullfrog comes into view.
The bullfrog misses you.
Found an uncursed leather armour.
The bullfrog gives a loud, deep croak!
The bullfrog snags a nearby millipede with its tongue.
Found 13 gold pieces.
A scorpion comes into view.
The bullfrog hits you!
* * * LOW HITPOINT WARNING * * *
The bullfrog closely misses you. The bullfrog hits you.
* * * LOW HITPOINT WARNING * * *
There is a stone staircase leading up here.
The bullfrog hits you.
* * * LOW HITPOINT WARNING * * *
The bullfrog hits you.
* * * LOW HITPOINT WARNING * * *
The quokka zombie bites you but does no damage.
The bullfrog barely misses you. The bullfrog hits you.
* * * LOW HITPOINT WARNING * * *
You climb upwards.
There is a stone staircase leading down here.
Okay, then.
Really read
m - 4 scrolls labeled PUFRU TEUTUE {!r}?
As you read the scroll labeled PUFRU TEUTUE {!r}, it crumbles to dust.
It is a scroll of enchant armour.
Your +0 robe glows green for a moment.
The bullfrog misses you.
The bullfrog hits you but does no damage.
Really quaff
l - a potion of invisibility {!q}?
You fade into invisibility!
The bullfrog closely misses you.
The bullfrog hits you but does no damage.
The bullfrog hits you.
You die...

#.................#
#.......#####.###.#
#.........##...##.#
#..........#...##.#
#..............##.###
###.###.............#
#.# #.....#....<..#
#.####......F##.#.##
#.........F@.....#.##
#.#######.#.###.###.##
###.# #.#.##.## ##.##
#...# #....!## ##.#
#.#.# ###.###..## ##.##
#.#.#####..##
##<.###.##
##.#.##>....# #.#.#.##
#....##.....## ##.##..#
#........^...###.###..#


You could see 2 bullfrogs.

Vanquished Creatures
  2 ogres (D:4)
  A wight (D:6)
  A crimson imp (D:4)
  6 hounds
  5 worker ants
  11 gnolls
  3 adders
  A shadow imp (D:5)
  An adder skeleton (D:4)
  2 worms
  A dart slug (D:1)
  4 leopard geckos
  An orc (D:3)
  4 giant cockroaches
  4 goblins
  2 hobgoblins (D:1)
  4 jackals
  3 kobolds
  5 quokkas
  A ball python (D:5)
  6 bats
  5 frilled lizards
  A jackal zombie (D:5)
  9 rats
83 creatures vanquished.

Notes
Turn   | Place    | Note
-------+----------+-------------------------------------------
     0 | D:1      | Amnesiac the Ghoul Earth Elementalist began the quest for
                  | the Orb.
     0 | D:1      | Reached XP level 1. HP: 14/14 MP: 2/2
   146 | D:1      | Reached XP level 2. HP: 20/20 MP: 4/4
   154 | D:1      | Learned a level 2 spell: Passwall
   792 | D:2      | Reached skill level 4 in Earth Magic
   812 | D:2      | Learned a level 1 spell: Confusing Touch
  1043 | D:2      | Reached XP level 3. HP: 26/26 MP: 2/5
  1066 | D:2      | Found a faded altar of an unknown god.
  1155 | D:2      | Reached XP level 4. HP: 21/33 MP: 0/6
  1389 | D:3      | Reached skill level 5 in Earth Magic
  1514 | D:4      | Found a staircase to the Ecumenical Temple.
  1515 | D:4      | Noticed an ogre
  1525 | D:4      | Killed an ogre
  1525 | D:4      | Reached XP level 5. HP: 38/38 MP: 0/8
  1531 | Temple   | Entered the Ecumenical Temple
  1635 | Temple   | Became a worshipper of Ashenzari the Shackled
  1642 | Temple   | Learned a level 5 spell: Lee's Rapid Deconstruction
  2086 | D:2      | Reached skill level 6 in Earth Magic
  2751 | D:3      | Reached XP level 6. HP: 14/45 MP: 0/9
  2960 | D:3      | Found a shattered altar of Ashenzari.
  3283 | D:4      | Found an ornate altar of the Wu Jian Council.
  3499 | D:4      | Found a glowing golden altar of the Shining One.
  3678 | D:4      | Reached skill level 7 in Earth Magic
  3907 | D:4      | Reached * piety under Ashenzari
  4022 | D:5      | Entered Level 5 of the Dungeon
  4024 | D:5      | Reached XP level 7. HP: 50/50 MP: 8/11
  4074 | D:4      | Learned a level 4 spell: Petrify
  4200 | D:4      | Reached skill level 1 in Transmutations
  4204 | D:4      | Reached skill level 1 in Short Blades
  5419 | D:6      | Found a runed door.
  5480 | D:5      | Slain by a bullfrog

Vault maps used:
D:1:      dpeg_arrival_pond, palyth_stone_intersect
D:2:      chequers_ecumenical_altar_island
D:3:      ashenzari_altar_1
D:4:      old_standard_altar, old_standard_altar, minmay_temple_entry_mist,
          first_ration
D:6:      nicolae_overflow_hidden_temple, serial_shops, shop,
          ebering_ghost_sewer_d
Temple:   compressed_dpeg_circular_temple

Skill      XL: |  1  2  3  4  5  6  7 |
---------------+----------------------+-----
Spellcasting   | 2 3 4 |  4.0
Earth Magic    | 4 5 6 7 |  7.0
Transmutations | 2 |  2.0
Short Blades   | 2 |  2.4
Stealth        | 3 |  3.3
Dodging        | |  1.7

Action                   |  1- 3 |  4- 6 |  7- 9 || total
-------------------------+-------+-------+-------++-------
Melee: Unarmed           |    93 |   110 |       ||   203
       Dagger            |       |    64 |    66 ||   130
 Cast: Sandblast         |    18 |    53 |    66 ||   137
       Confusing Touch   |     2 |       |       ||     2
       Petrify           |       |       |     5 ||     5
  Use: Scroll            |       |     3 |     4 ||     7
       Potion            |       |       |     3 ||     3
 Stab: Sleeping          |     3 |     1 |     1 ||     5
       Confused          |     2 |       |       ||     2
       Petrified         |       |       |     4 ||     4
       Petrifying        |       |       |     1 ||     1
  Eat: Chunk             |    10 |    16 |     7 ||    33
Armor: Robe              |    29 |    41 |    19 ||    89
Dodge: Dodged            |    87 |   131 |    94 ||   312

Table legend:
 A = Non-vault XP
 B = Vault XP
 C = Vault XP percentage of total XP
 D = Non-vault monster count
 E = Vault monster count
 F = Vault count percentage of total count
                 A         B        C        D         E       F
            +---------+---------+-------+---------+---------+-------
      Total |    1077 |       0 |   0.0 |      83 |       0 |   0.0
            +---------+---------+-------+---------+---------+-------
        D:1 |      21 |       0 |   0.0 |      15 |       0 |   0.0
        D:2 |     126 |       0 |   0.0 |      22 |       0 |   0.0
        D:3 |      75 |       0 |   0.0 |      16 |       0 |   0.0
        D:4 |     511 |       0 |   0.0 |      13 |       0 |   0.0
        D:5 |     287 |       0 |   0.0 |      16 |       0 |   0.0
        D:6 |      57 |       0 |   0.0 |       1 |       0 |   0.0
            +---------+---------+-------+---------+---------+-------
